 Dungeon Crawl Stone Soup version 0.30-a0-335-ge5acde7520 (webtiles) character file.

Game seed: 3628626781234193542

64 gruber the Chiller (level 3, 0/24 HPs)
             Began as a Demonspawn Ice Elementalist on Oct 30, 2022.
             Slain by Sigmund
             ... wielding a +0 scythe
              (5 damage)
             ... on level 3 of the Dungeon.
             The game lasted 00:01:34 (1709 turns).

gruber the Chiller (Demonspawn Ice Elementalist)    Turns: 1709, Time: 00:01:35

Health: 0/24       AC:  3    Str:  8    XL:     3   Next: 91%
Magic:  0/6        EV: 12    Int: 18    God:
Gold:   83         SH:  4    Dex: 13    Spells: 5/6 levels left

rFire   . . .      SeeInvis .    q - +0 spear (venom)
rCold   . . .      Faith    .    (no shield)
rNeg    . . .      Spirit   +    a - +0 robe
rPois   .          Reflect  .    (no helmet)
rElec   .          Harm     .    (no cloak)
rCorr   .          Rampage  .    (no gloves)
Will    .....                    (no boots)
Stlth   ++........               f - amulet of guardian spirit
HPRegen 0.24/turn                m - ring of flight
MPRegen 0.10/turn                (no ring)

@: flying
A: sharp scales 1, condensation shield
a: no special abilities


You were on level 3 of the Dungeon.
You visited 1 branch of the dungeon, and saw 3 of its levels.

You collected 83 gold pieces.

Inventory:

Hand Weapons
 d - a +0 vampiric dagger
 q - a +0 spear of venom (weapon)
Armour
 a - a +0 robe (worn)
Jewellery
 f - an amulet of guardian spirit (around neck)
 m - a ring of flight (left hand)
Scrolls
 c - a scroll of vulnerability {unknown}
 h - a scroll of teleportation {unknown}
 j - 2 scrolls of identify {unknown}
 l - a scroll of blinking {unknown}
 n - a scroll of enchant weapon {unknown}
 o - a scroll of amnesia {unknown}
Potions
 b - a potion of magic
 e - a potion of attraction {unknown}
 g - a potion of invisibility {unknown}
 i - a potion of brilliance {unknown}
 k - a potion of cancellation {unknown}
 p - 2 potions of curing {unknown}


   Skills:
 - Level 1.7 Dodging
 - Level 1.7 Stealth
 - Level 2.0 Spellcasting
 + Level 5.1 Ice Magic


You had 5 spell levels left.
You knew the following spells:

 Your Spells              Type           Power      Damage    Failure   Level
a - Freeze                Ice            80%        1d9       2%          1

Your spell library contained the following spells:

 Spells                   Type           Power      Damage    Failure   Level
 Frozen Ramparts          Ice            40%        1d7       7%          3
 Ozocubu's Armour         Ice            20%        N/A       7%          3
 Summon Ice Beast         Ice/Summ       10%        N/A       54%         4


Dungeon Overview and Level Annotations

Branches:
Dungeon (3/15)

Altars:
Sif Muna

Annotations:
D:3 Sigmund


Innate Abilities, Weirdness & Mutations

You are partially covered in razor-sharp scales. (AC +1, Slay +1)
A meltable shield of frost defends you. (SH +4)


Message History

You bump into the rock wall.
Sigmund hits you with a +0 scythe.
You bump into the rock wall.
You bump into the rock wall.
Sigmund barely misses you.
You barely miss Sigmund. Sigmund misses you.
You bump into the rock wall.
Sigmund's eyes start glowing with a red light.
Sigmund closely misses you.
You hit Sigmund but do no damage. You closely miss Sigmund. Sigmund misses you.
You miss Sigmund.
You feel less confused.
Sigmund gestures wildly while chanting.
Sigmund flickers and vanishes!
Deactivating autopickup; reactivate with Ctrl-A.
You hit something. Something hits you.
Casting: Freeze (safe; 2% risk of failure)
Confirm with . or Enter, or press ? or * to list all spells.
Aiming: Freeze (safe; 2% risk of failure)
Press: ? - help, Shift-Dir - straight line You freeze something.
Casting: Freeze (safe; 2% risk of failure)
Confirm with . or Enter, or press ? or * to list all spells.
Aiming: Freeze (safe; 2% risk of failure)
Press: ? - help, Shift-Dir - straight line You freeze something.
Something hits you!
* * * LOW HITPOINT WARNING * * *
Casting: Freeze (safe; 2% risk of failure)
Confirm with . or Enter, or press ? or * to list all spells.
Aiming: Freeze (safe; 2% risk of failure)
Press: ? - help, Shift-Dir - straight line You freeze something!
Something hits you.
* * * LOW HITPOINT WARNING * * *
Casting: Freeze (safe; 2% risk of failure)
Confirm with . or Enter, or press ? or * to list all spells.
You don't have enough magic to cast this spell.
You hit something but do no damage. Something hits you but does no damage.
Unknown command.
You barely miss something. You barely miss something. Something hits you.
You die...

..# . ..... ########.#.
.......
#.#....#.#....@....
##<..>............(.
#........#.####......
.....#.##...#.# ....#
####...#......###..^.###
#####......@{........
#......###....###
#......# ##### ########


There were no monsters in sight!

Vanquished Creatures
  2 adders (D:2)
  3 worms (D:2)
  2 dart slugs
  6 ball pythons
  3 bats
  2 endoplasms (D:1)
  A giant cockroach (D:1)
  2 goblins
  3 hobgoblins (D:2)
  A quokka (D:1)
  A frilled lizard (D:2)
  5 kobolds
  4 rats
35 creatures vanquished.

Notes
Turn   | Place    | Note
-------+----------+-------------------------------------------
     0 | D:1      | gruber the Demonspawn Ice Elementalist began the quest for
                  | the Orb.
     0 | D:1      | Reached XP level 1. HP: 13/13 MP: 3/3
   154 | D:1      | Found a faded altar of an unknown god.
   154 | D:1      | Noticed a red devil
   228 | D:1      | Reached skill level 4 in Ice Magic
   305 | D:1      | Gained mutation: A meltable shield of frost defends you.
                  | (SH +4) [demonic ancestry]
   305 | D:1      | Reached XP level 2. HP: 18/19 MP: 3/5
   801 | D:1      | You fall into a shaft and drop 1 floor!
   814 | D:2      | Gained mutation: You are partially covered in razor-sharp
                  | scales. (AC +1, Slay +1) [demonic ancestry]
   814 | D:2      | Reached XP level 3. HP: 24/24 MP: 0/6
   910 | D:2      | Found a shimmering blue altar of Sif Muna.
  1165 | D:2      | Reached skill level 5 in Ice Magic
  1681 | D:3      | Noticed Sigmund
  1709 | D:3      | Slain by Sigmund

Illustrated notes

Levels and vault maps discovered:
D:1:      lightli_arrival_chessboard, layout_basic,
          dreamdust_ecumenical_altar_sealed_demon
D:2:      layout_loops_ring, basic_altar
D:3:      lemuel_castle_with_subvaults [lemuel_castle_interior_carwin_3],
          layout_basic, marbit_many_paths, kennysheep_generic_room_9,
          uniq_crazy_yiuf_cottage, uniq_sigmund

Skill      XL: |  1  2  3 |
---------------+----------+-----
Ice Magic      | 4 5 |  5.1
Dodging        | |  1.7
Stealth        | |  1.7
Spellcasting   | |  2.0

Action                   || total
-------------------------++-------
Melee: Dagger            ||    74
       Unarmed           ||     1
       Spear             ||    12
 Cast: Freeze            ||    43
 Stab: Sleeping          ||     1
Armor: Robe              ||    14
Dodge: Dodged            ||    44
Block: Other             ||    15

Table legend: (Time is in decaauts)
 A = Elapsed time spent in this place.
 B = Non-inter-level travel time spent in this place.
 C = Inter-level travel time spent in this place.
 D = Time resting spent in this place.
 E = Time spent auto-exploring this place.
 F = Levels seen in this place.
 G = Mean time per level.
                   A        B        C        D        E       F      G
               +--------+--------+--------+--------+--------+-----+--------+
         Total |   1708 |   1689 |     19 |      0 |   1399 |   3 |  569.3 |
       Dungeon |   1708 |   1689 |     19 |      0 |   1399 |   3 |  569.3 |
               +--------+--------+--------+--------+--------+-----+--------+

Top non-repeatable levels by time:
     D:2: 865 daAuts
     D:1: 800 daAuts
     D:3: 42 daAuts
